 Dungeon Crawl Stone Soup version 0.25-a0-803-g58bd18402a (webtiles) character file.

Game seed: 15757771632763001687, levelgen mode: deterministic

168 Maedhros the Charlatan (level 5, -1/33 HPs)
             Began as an Octopode Artificer on Apr 19, 2020.
             Slain by a worker ant (8 damage)
             ... on level 5 of the Dungeon.
             The game lasted 00:04:17 (855 turns).

Maedhros the Charlatan (Octopode Artificer)          Turns: 855, Time: 00:04:18

Health: -1/33      AC:  3    Str: 11    XL:     5   Next: 49%
Magic:  8/8        EV: 13    Int: 13    God:
Gold:   44         SH:  0    Dex: 14    Spells: 4/4 levels left

rFire    . . .     SeeInvis .   a - +0 short sword
rCold    . . .     Gourm    .   (no shield)
rNeg     . . .     Faith    .   (helmet restricted)
rPois    .         Spirit   .   (no amulet)
rElec    .         Reflect  .   g - ring of resist corrosion
rCorr    +         Harm     .   i - ring of flight
MR       .....                  (no ring)
Stlth    +++.......             (no ring)
HPRegen  0.11/turn              (no ring)
MPRegen  0.11/turn              (no ring)
                                (no ring)
                                (no ring)

@: flying
A: almost no armour, stealthy swim, amphibious, 8 rings, constrict 8, tentacle
spike 1, slimy green scales 1, camouflage 1, blurry vision 2, gelatinous body 1
a: no special abilities


You were on level 5 of the Dungeon.
You were not hungry.

You visited 1 branch of the dungeon, and saw 5 of its levels.

You collected 44 gold pieces.

Inventory:

Hand Weapons
 a - a +0 short sword (weapon)
 b - a +0 hunting sling
Missiles
 j - 36 stones (quivered)
 l - 19 poisoned darts
Jewellery
 g - a ring of resist corrosion (left tentacle)
 i - a ring of flight (right tentacle)
Wands
 c - a wand of enslavement (14)
 d - a wand of random effects (4)
Scrolls
 e - a scroll of enchant armour {unknown}
 h - 2 scrolls of identify {unknown}
 q - a scroll of fear {unknown}
Potions
 n - a potion of brilliance {unknown}
 o - a potion of haste {unknown}
 p - 3 potions of might {unknown}
Comestibles
 f - 2 rations


   Skills:
 - Level 1.0 Fighting
 - Level 1.0 Short Blades
 - Level 2.0 Dodging
 + Level 3.8 Stealth
 * Level 3.4 Unarmed Combat
 + Level 4.3 Evocations


You had 4 spell levels left.
You didn't know any spells.
Your spell library was empty.

Dungeon Overview and Level Annotations

Branches:
Dungeon (5/15)
 Temple: D:4-7

Altars:
Ashenzari
Sif Muna


Innate Abilities, Weirdness & Mutations

You cannot wear most types of armour.
You are very stealthy in the water. (Stealth+)
You are amphibious.
You can wear up to eight rings at the same time.
You can use your tentacles to constrict eight enemies at once.
Your skin changes colour to match your surroundings (Stealth+).
Your rubbery body absorbs attacks. (AC +1, EV +1)
One of your tentacles bears a spike.
You are partially covered in slimy green scales. (AC +2)
Scrolls take you longer to read.


Message History

You have reached level 5!
You feel agile.
Things that are here:
a cursed -3 giant club; an ogre corpse
Found 2 bubbling green potions.
Found a morningstar.
Found 25 sling bullets.
A worker ant comes into view.
You see here 2 bubbling green potions.
You see here 2 bubbling green potions.
p - 3 bubbling green potions (gained 2) It was a potion of mutation.
You feel extremely strange.
Your vision blurs.
One of your lower tentacles grows a sharp spike.
Your vision blurs.
Slimy green scales grow over part of your body.
It was a potion of flight.
You feel very buoyant.
You fly up into the air.
The worker ant bites you!
You die...

. .# .#.######
........ #.(...#
+.....# #.....#
#######+#.....#
+........a.)#
#........@..#
#...........#####
###................
#.............#####
#.............#
#..<..........#
#.............#
#.............#
#.............#


You could see a worker ant.

Vanquished Creatures
  An ogre (D:5)
  A worker ant (D:4)
  4 gnolls (D:2)
  An adder (D:2)
  A leopard gecko (D:1)
  An orc (D:5)
  2 bats (D:2)
  A goblin (D:2)
  5 hobgoblins
  2 frilled lizards
  2 kobolds (D:2)
21 creatures vanquished.

Notes
Turn   | Place    | Note
-------+----------+-------------------------------------------
     0 | D:1      | Maedhros the Octopode Artificer began the quest for the
                  | Orb.
     0 | D:1      | Reached XP level 1. HP: 13/13 MP: 3/3
    81 | D:2      | Reached skill level 1 in Unarmed Combat
    81 | D:2      | Reached XP level 2. HP: 15/18 MP: 4/4
   120 | D:2      | Reached XP level 3. HP: 13/23 MP: 5/5
   277 | D:2      | Reached XP level 4. HP: 4/28 MP: 6/6
   595 | D:2      | Found a shattered altar of Ashenzari.
   595 | D:2      | Found a shimmering blue altar of Sif Muna.
   754 | D:5      | Entered Level 5 of the Dungeon
   754 | D:5      | Noticed an ice beast
   804 | D:4      | Reached skill level 4 in Evocations
   828 | D:5      | Noticed an ogre
   838 | D:5      | Killed an ogre
   838 | D:5      | Reached XP level 5. HP: 5/33 MP: 8/8
   854 | D:5      | Gained mutation: Scrolls take you a little longer to read.
                  | [potion of mutation]
   854 | D:5      | Gained mutation: One of your tentacles bears a spike.
                  | [potion of mutation]
   854 | D:5      | Gained mutation: Scrolls take you longer to read. [potion
                  | of mutation]
   854 | D:5      | Gained mutation: You are partially covered in slimy green
                  | scales. (AC +2) [potion of mutation]
   855 | D:5      | Slain by a worker ant

Levels and vault maps discovered:
D:1:      lemuel_arrival_muddy, layout_loops_ring, lexackson_kobold_supper
D:2:      layout_loops_cross, gammafunk_temple_overflow_elements
D:3:      layout_loops_corners, chequers_ecumenical_altar_simple_redux
D:4:      layout_basic, nemelex_xobeh_ov_fountains_minmay,
          ebering_ghost_disaster_area
D:5:      layout_basic, bloody_trog, kennysheep_little_box, temple_hall,
          first_ration

Skill      XL: |  1  2  3  4 |
---------------+-------------+-----
Unarmed Combat | 1 2 3 |  3.4
Stealth        | 2 3 |  3.8
Evocations     | 4 |  4.3
Fighting       | |  1.0
Short Blades   | |  1.0
Dodging        | |  2.0

Action                   |  1- 3 |  4- 6 || total
-------------------------+-------+-------++-------
Melee: Short sword       |    29 |     9 ||    38
       Constrict         |     9 |     1 ||    10
       Tentacles         |     3 |     3 ||     6
Evoke: Wand              |    23 |     4 ||    27
  Use: Potion            |       |     2 ||     2
 Stab: Sleeping          |     1 |     1 ||     2
       Confused          |     1 |       ||     1
Armor: Skin              |    13 |       ||    13
Dodge: Dodged            |    29 |     5 ||    34

Table legend:
 A = Non-vault XP
 B = Vault XP
 C = Vault XP percentage of total XP
 D = Non-vault monster count
 E = Vault monster count
 F = Vault count percentage of total count
                 A         B        C        D         E       F
            +---------+---------+-------+---------+---------+-------
      Total |     241 |       0 |   0.0 |      21 |       0 |   0.0
            +---------+---------+-------+---------+---------+-------
        D:1 |       8 |       0 |   0.0 |       4 |       0 |   0.0
        D:2 |      84 |       0 |   0.0 |      14 |       0 |   0.0
        D:4 |      33 |       0 |   0.0 |       1 |       0 |   0.0
        D:5 |     116 |       0 |   0.0 |       2 |       0 |   0.0
            +---------+---------+-------+---------+---------+-------
